Map: Emerald City LE

Players

Massa

  • Race: Terran Terran
  • League: Gold
  • Spawn Location: 5:00

qqq

  • Race: Terran Terran
  • League: Platinum
  • Spawn Location: 5:00

Пакувыцо - Winner!

  • Race: Protoss Protoss
  • League: Diamond
  • Spawn Location: 11:00

Зелень - Winner!

  • Race: Protoss Protoss
  • League: Diamond
  • Spawn Location: 11:00

VOD

Have the link to the VOD?

Description

Time

  • Played on: Aug. 11, 2020, 9:06 a.m.
  • Length: 19:35
Show
View Real Time Build Order
Export as new Build Order

Massa Terran 

Build Orders: Gas First Reaper Expand 

Get SALT Encoding   

  12  0:01  SCV  
  13  0:13  SCV  
  14  0:24  Supply Depot  
  14  0:25  SCV  
  15  0:30  Refinery  
  15  0:46  SCV  
  15  0:48  Barracks  
  16  0:58  SCV  
  17  1:10  SCV  
  18  1:22  SCV  
  19  1:36  Reaper  
  19  1:39  Command Center  
  20  1:41  SCV  
  22  2:10  Barracks Tech Lab  
  21  2:26  SCV  
  22  2:38  SCV, Factory  
  23  2:44  Concussive Shells  
  23  2:50  Supply Depot  
  25  2:51  Marauder  
  27  3:12  Marauder  
  27  3:26  Factory Reactor  
  27  3:29  Orbital Command x2  
  29  3:34  Marauder  
  29  3:38  Supply Depot  
  29  3:51  Barracks  
  29  3:55  Barracks, Marauder  
  31  4:02  Supply Depot  
  31  4:04  SCV, Engineering Bay  
  31  4:05  SCV  
  33  4:11  Hellion  
  33  4:17  SCV x2  
  37  4:26  Refinery  
  37  4:28  Hellion  
  37  4:29  SCV x2  
  41  4:33  Hellion  
  41  4:35  Marauder  
  45  4:40  Missile Turret  
  45  4:41  SCV  
  45  4:43  Terran Infantry Weapons Level 1  
  45  4:45  SCV  
  47  4:50  Barracks Reactor  
  47  4:51  Barracks Tech Lab  
  47  4:53  SCV  
  44  5:20  Marauder x2  
  36  5:42  Marauder x2  
  39  6:01  Marine x2  
  39  6:03  Marauder x2  
  39  6:18  Marine  
  39  6:19  Marine  
  39  6:24  Hellion x2, Marauder x2  
  47  6:36  Marine x2  
  47  6:45  Hellion x2  
  47  6:46  Marauder x2  
  47  6:54  Marine x2  
  47  7:07  Hellion x2, Marauder x2  
  55  7:12  Marine x2  
  51  7:21  SCV x2  
  53  7:28  Hellion x2  
  53  7:29  Marauder x2  
  61  7:30  Marine  
  62  7:38  Marine  
  62  7:39  SCV  
  62  7:40  SCV  
  62  7:42  Supply Depot  
  57  7:47  Marine  
  57  7:49  Hellion  
  57  7:50  Hellion  
  62  7:58  Marine  
  62  8:04  SCV, Marauder x2  
  67  8:05  Supply Depot  
  67  8:11  Hellion  
  67  8:12  Marine  
  70  8:27  Hellion, Marauder x2, Marine  
  70  8:30  Marine, Supply Depot  
  70  8:31  Supply Depot  
  78  8:36  Command Center  
  78  8:52  SCV x2, Marauder x2, Marine  
  78  8:54  Supply Depot  
  77  9:03  Marine  
  77  9:04  SCV x2  
  80  9:10  Barracks, Marine  
  80  9:11  Terran Infantry Armor Level 1  
  80  9:14  Marauder x2  
  80  9:16  SCV, Armory  
  80  9:17  Supply Depot  
  86  9:20  Marine  
  86  9:21  Sensor Tower  
  87  9:25  Refinery  
  87  9:27  Marine  
  88  9:35  Marauder x2  
  92  9:38  Marine  
  92  9:40  Supply Depot  
  92  9:42  Supply Depot x2  
  92  9:45  Marine  
  94  9:56  Marauder x2, Marine  
  99  10:01  Hellion x2  
  99  10:03  Marine, Supply Depot  
  99  10:06  Supply Depot  
  104  10:07  Supply Depot  
  104  10:14  Marine  
  104  10:18  Marauder x2  
  104  10:20  SCV x2  
  104  10:21  Marine  
  112  10:30  Combat Shield  
  112  10:32  SCV x2, Marine  
  112  10:33  Stimpack  
  115  10:36  Factory  
  115  10:39  Marauder x2, Marine  
  115  10:42  Hellion  
  122  10:44  SCV x2  
  122  10:48  Hellbat  
  126  10:50  Marine  
  126  10:53  Orbital Command  
  126  10:56  SCV x2, Marine  
  129  11:01  Marauder x2  
  129  11:03  Hellbat  
  136  11:07  Marine  
  136  11:08  SCV x2  
  139  11:14  Marine, Hellbat  
  142  11:20  Factory Tech Lab  
  142  11:22  Marauder x2  
  142  11:25  Hellbat  
  148  11:34  Refinery  
  148  11:36  Hellbat  
  150  11:42  Terran Infantry Weapons Level 2  
  150  11:43  Marauder  
  150  11:45  Engineering Bay  
  152  11:47  Terran Vehicle Weapons Level 1  
  152  11:58  Starport  
  81  12:37  Marauder  
  81  12:38  Marauder, Marine  
  81  12:39  Marine  
  81  12:42  Barracks Tech Lab  
  63  12:45  Thor  
  63  12:48  Hellion x2  
  67  12:56  Marine  
  67  12:57  Marine  
  69  12:59  Marauder x2  
  69  13:01  Medivac  
  69  13:04  SCV  
  69  13:05  SCV x2  
  78  13:09  Hellion x2  
  78  13:11  Refinery  
  78  13:12  Refinery  
  82  13:14  Marine x2  
  82  13:15  Terran Infantry Armor Level 2  
  82  13:16  SCV  
  82  13:17  SCV x2  
  87  13:20  Marauder x2  
  91  13:28  Thor  
  91  13:29  SCV x2  
  91  13:30  Hellion x2  
  91  13:32  Marine x2  
  105  13:39  Missile Turret  
  105  13:42  Marauder x2  
  109  13:52  Widow Mine x2  
  113  13:58  Missile Turret  
  103  14:03  Marauder x2  
  88  14:16  Marauder  
  86  14:17  Marine x2, Missile Turret  
  83  14:24  Marauder  
  83  14:25  Marauder  
  83  14:35  Marine x2  
  83  14:37  Missile Turret  
  83  14:38  Marauder  
  87  14:45  Thor  
  87  14:46  Marauder x2  
  87  14:49  Hellbat x2  
  101  14:52  Marine  
  101  14:53  Marine  
  101  14:59  Marauder  
  105  15:07  Marauder, Marine  
  105  15:08  Command Center  
  105  15:09  Command Center  
  105  15:10  Marine, Hellbat x2  
  105  15:11  Marine  
  114  15:20  Marine  
  115  15:25  Marine  
  115  15:28  Marine x3, Thor  
  116  15:31  Hellbat  
  116  15:32  Hellbat  
  129  15:38  Marine  
  129  15:42  Terran Infantry Armor Level 3  
  130  15:43  Terran Infantry Weapons Level 3, Marauder  
  130  15:45  Terran Vehicle And Ship Armor Level 1  
  130  15:46  Marauder, Marine x2  
  136  15:53  Hellbat x2  
  136  15:56  Marauder  
  142  16:04  Marauder, Marine  
  145  16:11  Thor  
  145  16:12  Factory  
  145  16:14  Hellbat x2  
  155  16:24  Supply Depot  
  155  16:36  Hellbat x2  
  159  16:47  Supply Depot  
  159  16:54  Thor  
  159  16:57  Hellbat  
  167  17:03  Factory Tech Lab  
  167  17:07  Hellion  
  169  17:10  Supply Depot  
  169  17:18  Hellion  
  169  17:22  Planetary Fortress  
  171  17:29  Hellion  
  173  17:33  Supply Depot  
  173  17:37  Thor  
  173  17:40  Widow Mine  
  181  17:50  Widow Mine  
  181  18:00  Supply Depot  
  181  18:01  Widow Mine  
  181  18:04  Viking  
  121  18:19  Thor  
  91  18:27  Marauder x2  
  91  18:28  Marauder, Marine x2  
  91  18:29  Thor  
  97  18:34  Viking  
  97  18:45  Marine  
  97  18:46  Marine  
  99  18:49  Marauder x2  
  103  19:04  Viking  
Show
View Real Time Build Order
Export as new Build Order

qqq Terran 

Build Orders: 2 Factory, Mech 

Get SALT Encoding   

  12  0:01  SCV  
  13  0:13  SCV  
  14  0:25  Supply Depot  
  14  0:27  SCV  
  15  0:31  Refinery  
  15  0:46  SCV  
  15  0:49  Barracks  
  16  0:58  SCV  
  17  1:10  SCV  
  18  1:23  SCV  
  19  1:35  SCV  
  20  1:45  Factory  
  21  1:47  SCV  
  21  1:59  SCV  
  22  2:08  Command Center  
  22  2:11  SCV  
  22  2:12  Supply Depot  
  23  2:20  Refinery  
  23  2:34  SCV  
  24  2:37  Supply Depot  
  24  2:45  Widow Mine  
  24  2:46  SCV  
  27  2:57  Factory  
  27  2:58  SCV  
  28  3:06  Widow Mine  
  28  3:10  SCV  
  31  3:22  SCV x2  
  33  3:28  Widow Mine  
  35  3:34  SCV  
  35  3:35  SCV  
  37  3:43  Factory Reactor  
  37  3:48  Factory  
  37  3:49  Factory Tech Lab  
  39  3:55  SCV  
  39  4:00  Orbital Command  
  38  4:07  SCV  
  39  4:10  Engineering Bay  
  39  4:19  SCV  
  39  4:21  Widow Mine x2  
  44  4:27  SCV  
  45  4:32  SCV  
  45  4:36  Supply Depot  
  46  4:39  SCV, Factory Reactor  
  46  4:42  Widow Mine x2, Siege Tank  
  54  4:58  SCV x2  
  56  5:08  Armory  
  56  5:22  Missile Turret  
  56  5:26  Supply Depot  
  56  5:32  Supply Depot  
  56  5:34  Supply Depot  
  56  5:40  Orbital Command  
  55  5:48  SCV  
  53  5:52  Widow Mine, Supply Depot  
  54  6:06  Widow Mine, SCV  
  54  6:13  Siege Tank  
  54  6:14  Widow Mine x2  
  54  6:16  Supply Depot  
  54  6:18  SCV  
  62  6:21  Supply Depot  
  62  6:37  Widow Mine x3, SCV x2  
  70  6:43  Widow Mine  
  70  6:44  Supply Depot  
  70  6:45  Siege Tank  
  75  6:49  SCV  
  76  6:59  Widow Mine  
  78  7:05  SCV  
  78  7:06  Widow Mine x2  
  78  7:07  Supply Depot  
  83  7:17  SCV  
  84  7:25  Factory  
  84  7:28  Siege Tank  
  87  7:30  Supply Depot  
  74  7:54  Supply Depot  
  74  7:58  Widow Mine x4  
  82  8:00  Siege Tank  
  82  8:02  Refinery  
  82  8:05  Refinery  
  83  8:09  Command Center  
  83  8:12  Command Center  
  83  8:17  SCV  
  82  8:30  SCV  
  82  8:33  Siege Tank  
  86  8:39  Widow Mine x4  
  94  8:42  SCV  
  94  8:44  Marine  
  96  8:51  Terran Vehicle And Ship Armor Level 1  
  96  8:53  Factory Tech Lab  
  96  8:54  SCV  
  93  9:00  Widow Mine  
  93  9:01  Widow Mine x3, Marine  
  98  9:05  Widow Mine  
  98  9:06  SCV  
  101  9:19  Marine  
  101  9:22  Widow Mine x3  
  108  9:26  Thor  
  114  9:37  Marine  
  115  9:39  Command Center  
  115  9:55  Marine  
  116  10:09  Thor  
  116  10:10  Sensor Tower  
  122  10:20  Thor  
  126  10:23  Widow Mine x2  
  130  10:30  SCV  
  130  10:33  SCV x2  
  133  10:42  SCV, Supply Depot  
  134  10:45  SCV x2  
  136  10:52  Siege Tank  
  136  10:54  SCV  
  140  10:57  SCV x2  
  140  11:03  Siege Tank  
  145  11:05  Supply Depot  
  145  11:06  SCV  
  145  11:09  SCV x2  
  146  11:18  SCV  
  146  11:21  SCV x2  
  146  11:24  Siege Tank  
  152  11:27  Widow Mine x2  
  152  11:28  Widow Mine  
  152  11:29  Supply Depot  
  156  11:51  Supply Depot  
  156  11:56  Thor  
  160  12:19  Missile Turret  
  160  12:39  Thor  
  160  12:42  Missile Turret  
  147  12:58  Thor  
  147  13:01  Widow Mine x3  
  147  13:02  Widow Mine  
  145  13:10  Missile Turret  
  130  13:21  Thor  
  130  13:23  Widow Mine x2  
  130  13:25  Widow Mine  
  136  13:33  Missile Turret  
  136  13:35  Refinery  
  136  13:40  Widow Mine  
  133  13:41  Thor  
  133  13:44  Widow Mine x2  
  133  13:45  Refinery  
  133  13:46  Widow Mine  
  144  13:54  SCV x2  
  144  13:55  SCV, Missile Turret  
  142  14:02  Widow Mine  
  135  14:04  Thor  
  135  14:05  Widow Mine x2  
  135  14:06  SCV x2  
  135  14:07  SCV  
  146  14:15  Smart Servos  
  138  14:18  SCV  
  138  14:19  Missile Turret  
  131  14:24  Thor  
  135  14:38  Widow Mine x2  
  135  14:39  Widow Mine x2  
  135  14:42  SCV x2, Missile Turret  
  142  14:45  SCV  
  142  14:47  Thor  
  142  14:52  Refinery  
  148  14:53  Refinery  
  148  14:54  SCV x2  
  148  14:55  Refinery  
  148  14:57  Refinery  
  148  14:58  SCV  
  155  15:00  Widow Mine x3  
  155  15:04  Missile Turret  
  155  15:06  Refinery, SCV x2  
  159  15:07  Thor  
  159  15:10  SCV  
  166  15:18  SCV x2  
  166  15:20  Terran Vehicle And Ship Armor Level 2  
  168  15:27  Planetary Fortress  
  168  15:30  SCV, Thor  
  175  15:36  Missile Turret  
  175  15:42  SCV x2  
  177  15:47  Widow Mine x4  
  185  15:54  SCV  
  186  15:59  Supply Depot  
  186  16:06  SCV  
  187  16:20  Thor  
  187  16:21  Widow Mine  
  187  16:22  Supply Depot  
  195  16:27  Missile Turret  
  195  16:44  Widow Mine x2, SCV  
  195  16:45  Supply Depot  
  200  16:48  Missile Turret  
  200  16:49  SCV  
  199  16:56  SCV  
  200  17:08  Supply Depot  
  200  17:09  Missile Turret  
  198  17:17  Starport  
  198  17:30  Missile Turret  
  198  17:31  Supply Depot  
  198  17:36  Terran Vehicle Weapons Level 1  
  198  17:54  Supply Depot  
  198  18:10  Thor  
  118  18:45  Thor  
  121  18:49  Widow Mine x3  
  121  18:50  Widow Mine  
  131  19:11  Widow Mine x4  
Show
View Real Time Build Order
Export as new Build Order

Пакувыцо Protoss - Winner!

Build Orders: Carriers 

Get SALT Encoding   

  12  0:01  Probe (Chrono Boost)  
  13  0:11  Probe (Chrono Boost)  
  14  0:16  Probe (Chrono Boost)  
  15  0:23  Pylon  
  15  0:41  Probe  
  16  0:44  Gateway  
  16  0:53  Probe  
  16  0:55  Assimilator  
  17  1:05  Probe  
  18  1:16  Gateway  
  18  1:22  Probe  
  19  1:35  Probe  
  20  1:48  Probe, Cybernetics Core  
  21  2:01  Probe  
  22  2:13  Probe  
  23  2:35  Warp Gate  
  23  2:38  Nexus  
  23  2:41  Probe, Assimilator  
  23  2:55  Probe  
  23  3:04  Pylon  
  23  3:22  Stalker x2  
  23  3:26  Pylon  
  27  3:28  Robotics Facility  
  27  3:31  Pylon  
  27  3:34  Pylon  
  27  3:38  Twilight Council  
  27  3:40  Pylon  
  27  3:58  Probe (Chrono Boost)  
  29  4:03  Probe (Chrono Boost)  
  29  4:08  Probe (Chrono Boost)  
  30  4:12  Probe (Chrono Boost)  
  30  4:13  Probe (Chrono Boost), Charge (Chrono Boost)  
  32  4:18  Gateway  
  32  4:21  Assimilator  
  32  4:22  Probe  
  33  4:24  Probe  
  34  4:34  Probe  
  34  4:36  Probe, Pylon  
  34  4:38  Stalker  
  38  4:46  Probe  
  38  4:48  Probe  
  40  4:59  Probe  
  41  5:00  Probe  
  42  5:11  Probe  
  39  5:21  Probe  
  39  5:23  Probe  
  41  5:33  Probe  
  42  5:40  Pylon  
  42  5:41  Probe  
  43  5:46  Probe  
  44  5:53  Probe  
  45  6:02  Stalker x3  
  49  6:07  Gateway  
  49  6:28  Gateway  
  49  6:29  Nexus  
  49  6:31  Gateway  
  49  6:32  Pylon  
  49  6:33  Observer, Gateway  
  49  6:35  Zealot x3, Pylon  
  54  6:58  Zealot x3  
  56  7:04  Pylon  
  56  7:20  Probe x2  
  58  7:28  Gateway  
  58  7:30  Gateway  
  58  7:32  Probe x2, Assimilator  
  60  7:37  Zealot x2  
  60  7:38  Stargate, Zealot x5  
  64  7:44  Probe, Observer, Stargate  
  64  7:49  Pylon  
  64  7:56  Pylon  
  62  8:00  Stalker x3  
  62  8:01  Stalker  
  62  8:02  Stargate, Stalker  
  64  8:05  Stargate  
  64  8:10  Zealot x2  
  66  8:13  Probe x3  
  66  8:29  Pylon  
  66  8:30  Forge  
  66  8:32  Forge  
  66  8:33  Assimilator  
  66  8:35  Assimilator  
  66  8:41  Stalker x3  
  70  8:42  Stalker  
  74  8:49  Void Ray  
  78  8:56  Shield Battery  
  78  8:57  Shield Battery  
  78  8:59  Gateway  
  78  9:01  Gateway  
  78  9:04  Stalker x4  
  78  9:07  Probe x2  
  78  9:08  Probe  
  89  9:23  Zealot x2  
  89  9:24  Zealot x2  
  97  9:35  Zealot  
  97  9:36  Zealot x3  
  105  9:39  Protoss Ground Weapons Level 1 (Chrono Boost)  
  105  9:40  Protoss Ground Armor Level 1 (Chrono Boost)  
  105  9:50  Fleet Beacon  
  105  10:00  Gateway  
  105  10:16  Robotics Bay  
  105  10:18  Pylon  
  105  10:28  Observer  
  105  10:29  Protoss Air Weapons Level 1 (Chrono Boost)  
  111  10:35  Carrier  
  111  10:37  Carrier  
  111  10:38  Nexus  
  111  10:41  Pylon  
  116  10:53  Probe x3  
  119  11:01  Carrier  
  125  11:05  Probe  
  125  11:06  Observer  
  127  11:12  Carrier  
  133  11:18  Robotics Facility  
  133  11:19  Extended Thermal Lance (Chrono Boost)  
  133  11:28  Protoss Shields Level 1  
  133  11:42  Colossus (Chrono Boost)  
  139  11:50  Probe x2  
  139  11:51  Probe  
  139  11:54  Carrier  
  128  12:17  Zealot  
  128  12:18  Zealot x7  
  128  12:19  Zealot  
  129  12:29  Colossus  
  89  12:52  Zealot x6  
  89  12:53  Zealot x2  
  97  13:05  Carrier  
  97  13:06  Carrier  
  97  13:07  Observer  
  95  13:21  Carrier x2  
  95  13:22  Colossus  
  95  13:25  Probe  
  95  13:26  Probe x2  
  116  14:09  Carrier  
  116  14:10  Carrier  
  116  14:20  Zealot x3  
  115  14:25  Carrier  
  120  14:40  Carrier  
  120  14:42  Probe  
  120  14:43  Probe  
  128  14:55  Assimilator  
  128  14:59  Assimilator  
  128  15:07  Gateway  
  128  15:15  Carrier  
  128  15:16  Carrier  
  128  15:20  Protoss Ground Armor Level 2  
  128  15:21  Protoss Ground Weapons Level 2  
  140  15:29  Protoss Air Weapons Level 2 (Chrono Boost)  
  140  15:44  Nexus  
  140  15:49  Observer, Zealot  
  142  15:50  Zealot x3  
  148  16:06  Carrier, Pylon  
  154  16:18  Pylon  
  154  16:44  Probe  
  154  16:45  Probe  
  156  16:51  Carrier  
  156  16:52  Carrier  
  156  16:53  Tempest  
  171  17:01  Pylon  
  171  17:04  Assimilator  
  160  17:18  Observer  
  160  17:19  Observer  
  162  17:24  Tempest  
  167  17:38  Colossus  
  167  17:39  Colossus  
  167  17:40  Shield Battery  
  167  17:41  Shield Battery  
  167  17:42  Tempest  
  167  17:43  Shield Battery  
  184  17:45  Pylon  
  184  17:56  Photon Cannon  
  184  17:57  Photon Cannon  
  184  18:05  Carrier  
  170  18:22  Carrier  
  172  18:36  Pylon, Zealot x6  
  181  18:55  Photon Cannon  
  169  18:57  Pylon  
Show
View Real Time Build Order
Export as new Build Order

Зелень Protoss - Winner!

Build Orders:  

Get SALT Encoding   

  12  0:02  Probe  
  13  0:14  Probe  
  13  0:20  Pylon  
  14  0:26  Probe  
  15  0:38  Probe  
  15  0:41  Gateway  
  16  0:50  Probe, Assimilator  
  17  1:02  Probe (Chrono Boost)  
  18  1:14  Probe (Chrono Boost)  
  19  1:23  Probe (Chrono Boost)  
  19  1:25  Gateway  
  20  1:29  Cybernetics Core  
  20  1:32  Probe  
  20  1:33  Pylon  
  21  1:41  Assimilator  
  21  1:45  Probe  
  22  1:57  Probe  
  23  2:09  Probe, Twilight Council  
  23  2:12  Warp Gate  
  24  2:21  Probe  
  25  2:25  Pylon  
  25  2:29  Stalker (Chrono Boost)  
  29  2:40  Stalker (Chrono Boost)  
  29  2:49  Nexus  
  29  2:56  Stalker (Chrono Boost)  
  31  3:03  Stalker  
  33  3:10  Charge (Chrono Boost)  
  33  3:26  Probe  
  34  3:28  Stalker  
  34  3:31  Pylon  
  36  3:35  Gateway  
  36  3:40  Probe  
  37  3:52  Probe  
  37  3:54  Robotics Facility  
  38  3:59  Pylon  
  38  4:04  Probe  
  38  4:09  Probe (Chrono Boost)  
  40  4:14  Sentry x2  
  45  4:17  Probe (Chrono Boost)  
  45  4:21  Probe (Chrono Boost)  
  46  4:26  Probe (Chrono Boost)  
  46  4:30  Assimilator  
  47  4:48  Pylon  
  47  5:06  Stalker x3  
  49  5:25  Gateway  
  43  5:31  Stalker x3  
  47  5:57  Stalker x3  
  39  6:21  Zealot x2  
  39  6:22  Zealot  
  43  6:30  Observer (Chrono Boost)  
  42  6:36  Robotics Facility  
  40  6:41  Zealot x2  
  40  6:42  Zealot  
  40  6:43  Observer (Chrono Boost)  
  35  7:00  Zealot  
  37  7:05  Stalker x3  
  43  7:26  Probe x2 (Chrono Boost), Assimilator  
  45  7:32  Zealot x4  
  45  7:35  Probe x2 (Chrono Boost)  
  55  7:40  Probe x2 (Chrono Boost)  
  42  7:52  Probe x2  
  42  7:53  Zealot x4  
  48  8:04  Probe x2  
  44  8:20  Robotics Bay  
  44  8:22  Stalker x2  
  44  8:23  Stalker  
  50  8:30  Pylon  
  50  8:35  Gateway  
  50  8:36  Gateway  
  50  8:46  Stalker  
  50  8:47  Stalker x2  
  54  9:04  Forge  
  54  9:07  Pylon, Extended Thermal Lance (Chrono Boost)  
  54  9:14  Colossus x2 (Chrono Boost)  
  65  9:38  Zealot x2  
  65  9:39  Zealot x2  
  65  9:40  Zealot  
  65  9:42  Protoss Ground Weapons Level 1  
  75  9:55  Colossus (Chrono Boost)  
  81  10:03  Colossus  
  86  10:29  Nexus  
  86  10:32  Assimilator, Forge  
  86  10:36  Gateway  
  86  10:39  Gateway  
  86  10:41  Pylon x2  
  86  10:43  Pylon  
  86  10:47  Assimilator  
  86  11:04  Colossus (Chrono Boost)  
  86  11:08  Colossus (Chrono Boost)  
  98  11:17  Probe x2 (Chrono Boost)  
  100  11:28  Probe (Chrono Boost)  
  100  11:29  Probe (Chrono Boost)  
  102  11:33  Probe (Chrono Boost)  
  102  11:35  Probe (Chrono Boost)  
  104  11:40  Shield Battery  
  104  11:41  Probe (Chrono Boost)  
  107  11:49  Probe (Chrono Boost)  
  107  11:51  Probe x2 (Chrono Boost), Protoss Ground Armor Level 1 (Chrono Boost)  
  107  11:52  Protoss Ground Weapons Level 2 (Chrono Boost)  
  108  11:56  Probe (Chrono Boost)  
  108  11:58  Probe  
  110  12:04  Zealot x3  
  116  12:18  Zealot x3  
  70  12:55  Zealot  
  70  12:56  Zealot x6  
  78  13:24  Colossus x2  
  90  13:27  Zealot x6  
  90  13:28  Zealot  
  75  14:40  Zealot x2  
  75  14:41  Zealot x3  
  75  14:42  Protoss Ground Armor Level 2 (Chrono Boost), Protoss Ground Weapons Level 3 (Chrono Boost)  
  75  14:43  Zealot x2  
  89  14:56  Pylon  
  89  14:57  Pylon  
  89  15:00  Pylon x2  
  89  15:01  Warp Prism (Chrono Boost)  
  97  15:10  Colossus (Chrono Boost)  
  97  15:28  Nexus  
  96  15:38  Nexus  
  96  15:39  Observer (Chrono Boost)  
  97  15:46  Robotics Facility  
  97  15:47  Robotics Facility  
  97  15:54  Colossus  
  97  15:55  Colossus  
  109  16:09  Pylon  
  109  16:26  Probe x3  
  112  16:37  Zealot x5  
  112  16:38  Probe x3, Zealot x2  
  129  16:42  Immortal  
  133  16:50  Probe  
  134  16:56  Templar Archives  
  134  16:59  Pylon, Immortal  
  138  17:06  Probe x2  
  138  17:07  Probe  
  141  17:11  Assimilator  
  141  17:14  Assimilator  
  141  17:16  Pylon  
  141  17:24  Gateway  
  141  17:27  Protoss Shields Level 1 (Chrono Boost)  
  141  17:28  Pylon  
  141  17:29  Pylon, Zealot x2  
  145  17:43  High Templar x5  
  154  17:47  Archon x2  
  154  17:51  Immortal x2  
  150  18:07  Zealot  
  150  18:08  Zealot  
  111  18:20  Zealot x5  
  111  18:21  Zealot  
  123  18:35  Immortal x3  
  135  18:53  High Templar x3  
  135  18:54  High Templar x3  
  135  18:55  High Templar x2  
  151  18:57  Archon x2  
  151  18:58  Archon  
  151  18:59  Archon  
  143  19:27  Zealot x3  
  143  19:28  Zealot x5  
Tags
 
Add a new tag
Caveats
  • Supply blocks, unpowered buildings, or Contaminate may cause inaccurate times.
  • Supply counts are checked every 10 seconds.